Map: Tokamak LE

Players

LiquidMaNa (MaNa) - Winner!

  • Race: Protoss Protoss
  • League: Grandmaster
  • Spawn Location: 1:00

Reynor

  • Race: Zerg Zerg
  • League: Master
  • Spawn Location: 7:00

Event: FEL Cracov 2025

VOD

Have the link to the VOD?

Description

Time

  • Played on: July 27, 2025, 9:02 a.m.
  • Length: 12:12

All games in this series

Show
View Real Time Build Order
Export as new Build Order

LiquidMaNa Protoss - Winner!

Build Orders: 1 Gate Expand, Oracle Opening, Archon Immortal 

Get SALT Encoding   

  12  0:00  Probe  
  13  0:12  Probe  
  14  0:19  Pylon  
  14  0:24  Probe  
  15  0:33  Probe  
  15  0:41  Probe  
  16  0:44  Gateway  
  17  0:51  Probe  
  17  0:55  Assimilator  
  18  1:04  Probe  
  19  1:16  Probe  
  20  1:26  Nexus  
  20  1:35  Cybernetics Core  
  20  1:38  Probe  
  21  1:45  Assimilator  
  21  1:50  Pylon  
  21  1:54  Probe  
  22  2:01  Adept  
  22  2:06  Probe  
  25  2:18  Probe  
  25  2:20  Stargate  
  26  2:25  Adept  
  26  2:30  Warp Gate, Probe  
  29  2:38  Probe  
  29  2:42  Probe  
  31  2:50  Probe  
  32  2:53  Oracle  
  32  2:54  Probe  
  33  3:02  Probe  
  37  3:06  Probe  
  38  3:14  Probe  
  38  3:18  Probe  
  40  3:26  Oracle  
  40  3:27  Probe  
  41  3:30  Probe  
  40  3:39  Probe  
  42  3:42  Adept, Probe  
  42  3:44  Gateway  
  45  3:51  Probe  
  45  3:54  Nexus  
  46  3:57  Pylon  
  46  4:12  Twilight Council  
  46  4:13  Forge  
  46  4:15  Probe x2  
  48  4:17  Protoss Ground Weapons Level 1  
  48  4:20  Gateway  
  48  4:23  Gateway, Adept  
  50  4:27  Probe x2  
  50  4:28  Charge  
  52  4:34  Gateway  
  52  4:39  Probe x2  
  54  4:50  Pylon  
  54  4:54  Pylon  
  54  5:06  Probe x2  
  56  5:07  Probe, Stalker  
  56  5:09  Zealot  
  61  5:17  Gateway  
  61  5:18  Gateway, Probe x2  
  63  5:21  Zealot  
  63  5:22  Zealot  
  63  5:23  Probe  
  68  5:30  Probe x2  
  68  5:31  Robotics Facility  
  68  5:34  Zealot  
  72  5:38  Zealot x2  
  72  5:42  Pylon  
  76  5:46  Zealot x2  
  76  5:47  Probe  
  76  5:49  Probe  
  82  5:52  Probe  
  83  5:59  Probe  
  83  6:01  Probe  
  83  6:02  Pylon  
  83  6:03  Pylon  
  85  6:05  Assimilator  
  85  6:07  Zealot x2, Templar Archives  
  85  6:10  Warp Prism  
  89  6:13  Probe  
  89  6:14  Assimilator  
  89  6:16  Assimilator  
  89  6:17  Assimilator  
  90  6:23  Protoss Ground Weapons Level 2  
  92  6:31  Zealot x4  
  100  6:34  Probe x2  
  100  6:36  Psionic Storm  
  100  6:38  Probe  
  103  6:50  High Templar  
  103  6:51  Zealot x2  
  103  6:52  Probe  
  103  6:54  Probe  
  101  6:55  Probe  
  101  6:56  Zealot  
  101  6:59  Immortal  
  96  7:04  Probe  
  96  7:06  Probe  
  102  7:09  Shield Battery  
  94  7:23  High Templar x2  
  94  7:25  Zealot x4  
  94  7:26  Zealot  
  102  7:30  Photon Cannon  
  102  7:34  Probe x2  
  102  7:36  Immortal  
  108  7:49  Pylon  
  106  8:05  Zealot  
  108  8:07  Pylon, Zealot x4  
  108  8:08  Pylon  
  104  8:12  High Templar  
  104  8:13  High Templar x3  
  104  8:15  Sentry, Zealot  
  104  8:19  Photon Cannon, Archon  
  116  8:21  Immortal  
  116  8:33  Protoss Ground Weapons Level 3  
  120  8:34  Gateway  
  120  8:35  Gateway, Pylon  
  120  8:36  Pylon, Stalker x2  
  120  8:37  Stalker  
  120  8:38  Pylon  
  120  8:39  Nexus  
  126  8:43  Pylon  
  126  8:45  Zealot x3  
  126  8:47  Probe  
  133  8:49  Pylon  
  133  8:51  Pylon  
  133  8:59  Observer  
  128  9:04  Zealot x4  
  128  9:07  Zealot x2  
  138  9:18  Immortal  
  142  9:26  Probe  
  142  9:28  Probe x2  
  139  9:31  Zealot x5  
  139  9:32  Zealot x2  
  153  9:39  Photon Cannon, Shield Battery  
  153  9:41  Probe x2  
  155  9:46  High Templar x2  
  155  9:49  Pylon  
  155  9:50  Archon  
  155  9:52  High Templar x2  
  161  9:53  High Templar x2  
  161  9:54  High Templar, Zealot  
  161  9:57  Archon x2  
  161  9:59  Warp Prism  
  173  10:03  Observer  
  173  10:06  Assimilator  
  146  10:24  Zealot  
  146  10:25  Zealot x7  
  146  10:26  Zealot  
  156  10:35  Immortal  
  120  10:57  Zealot x9  
  124  11:14  Observer  
  113  11:18  Zealot x2  
  113  11:19  Zealot  
  113  11:21  Zealot x7  
  113  11:22  Zealot x2  
  127  11:26  Archon  
  127  11:32  Observer  
  128  11:42  Zealot  
  128  11:43  Zealot x8  
  128  11:46  Archon  
  134  12:04  Zealot x2  
  134  12:05  Zealot x7  
Show
View Real Time Build Order
Export as new Build Order

Reynor Zerg 

Build Orders: Pool First, Lurkers, Roach Hydra 

Get SALT Encoding   

  12  0:00  Drone  
  13  0:08  Drone  
  14  0:14  Extractor  
  14  0:15  Drone  
  15  0:21  Overlord  
  15  0:39  Drone  
  15  0:40  Drone  
  17  0:43  Spawning Pool  
  17  0:46  Drone  
  17  1:06  Hatchery  
  17  1:09  Drone  
  17  1:30  Queen, Zergling x2  
  20  1:33  Overlord  
  20  1:35  Zergling x2  
  20  1:37  Extractor  
  20  1:42  Drone  
  21  1:52  Drone  
  23  2:01  Hatchery  
  23  2:03  Drone  
  23  2:11  Queen  
  23  2:15  Drone  
  26  2:19  Drone  
  27  2:24  Drone  
  27  2:27  Extractor  
  27  2:31  Drone  
  27  2:35  Drone  
  29  2:38  Queen  
  29  2:41  Drone  
  32  2:45  Zergling x2  
  32  2:47  Zergling x2  
  32  2:50  Drone  
  32  2:51  Drone  
  36  2:56  Overlord  
  36  3:04  Extractor, Zergling x2  
  37  3:07  Overlord  
  37  3:18  Drone  
  37  3:19  Drone  
  39  3:20  Drone x2  
  39  3:21  Drone x3  
  39  3:25  Overlord  
  44  3:29  Drone  
  44  3:34  Spore Crawler  
  43  3:35  Drone  
  43  3:38  Spore Crawler  
  44  3:43  Drone x4  
  44  3:46  Drone x2  
  50  3:50  Drone  
  50  3:51  Drone  
  50  3:53  Overlord  
  50  3:55  Drone  
  53  4:00  Spore Crawler  
  53  4:02  Drone x2  
  53  4:05  Drone  
  53  4:06  Drone  
  53  4:07  Drone x2  
  53  4:09  Drone  
  56  4:15  Lair  
  56  4:17  Drone x2  
  58  4:22  Drone x4  
  62  4:29  Extractor, Overlord  
  62  4:31  Spore Crawler, Drone, Extractor  
  61  4:34  Drone  
  61  4:35  Drone  
  61  4:40  Drone  
  61  4:43  Drone  
  61  4:45  Drone x3  
  64  4:47  Drone  
  64  4:51  Roach Warren  
  64  4:53  Drone  
  64  4:56  Drone x2  
  64  4:57  Drone  
  64  4:59  Drone  
  69  5:00  Extractor  
  69  5:02  Zergling x4  
  68  5:08  Drone x2  
  70  5:14  Hydralisk Den  
  70  5:15  Drone x3  
  70  5:16  Overseer  
  70  5:17  Drone  
  70  5:19  Zergling x2, Metabolic Boost  
  73  5:22  Drone  
  73  5:23  Drone, Extractor  
  74  5:29  Overlord  
  74  5:38  Overlord  
  74  5:39  Overlord, Hatchery  
  73  5:44  Hydralisk x4  
  73  5:47  Muscular Augments  
  73  5:49  Roach x2  
  89  5:50  Roach x2  
  89  5:51  Overlord  
  89  5:53  Spine Crawler  
  89  5:56  Roach x2  
  89  5:57  Roach  
  91  6:01  Hydralisk  
  91  6:03  Zergling x6  
  96  6:05  Zergling x6  
  96  6:08  Evolution Chamber  
  98  6:12  Roach x3  
  98  6:13  Overlord  
  98  6:16  Zergling x6  
  107  6:20  Drone  
  107  6:24  Glial Reconstitution  
  111  6:25  Hydralisk  
  111  6:32  Hydralisk x2  
  113  6:35  Queen  
  113  6:36  Overlord  
  113  6:38  Hydralisk  
  121  6:42  Overlord  
  121  6:44  Drone x2  
  121  6:46  Hatchery  
  119  6:47  Hydralisk  
  119  6:54  Roach x2  
  114  6:58  Hydralisk  
  114  7:00  Overseer  
  114  7:01  Drone  
  107  7:03  Hydralisk, Evolution Chamber  
  107  7:06  Hydralisk x3  
  113  7:09  Drone  
  113  7:13  Drone x2  
  112  7:16  Grooved Spines  
  112  7:17  Drone x2  
  112  7:22  Drone x2  
  113  7:24  Drone  
  113  7:25  Extractor  
  113  7:26  Hydralisk  
  113  7:28  Overseer, Infestation Pit  
  112  7:30  Drone  
  112  7:32  Zerg Missile Weapons Level 1  
  112  7:34  Drone  
  112  7:35  Drone x2  
  116  7:39  Overlord  
  116  7:41  Hydralisk x2  
  120  7:45  Drone  
  120  7:46  Drone x3  
  120  7:48  Pneumatized Carapace  
  124  7:52  Hydralisk x2, Zergling x2  
  124  7:53  Zergling x2  
  124  7:54  Overlord  
  124  7:58  Overlord  
  129  8:05  Drone x3  
  129  8:06  Drone x2  
  129  8:07  Overlord  
  129  8:10  Drone x2  
  131  8:15  Hydralisk x2, Hive  
  131  8:16  Zergling x6  
  138  8:20  Drone  
  138  8:21  Extractor  
  138  8:22  Extractor  
  138  8:26  Lurker Den  
  136  8:28  Drone x3, Queen  
  136  8:31  Spore Crawler, Hydralisk  
  136  8:32  Zergling x4  
  136  8:33  Zergling x4, Spine Crawler  
  145  8:35  Drone  
  145  8:36  Drone  
  147  8:44  Overseer  
  147  8:45  Hydralisk  
  147  8:46  Overlord  
  147  8:47  Spine Crawler  
  147  8:50  Drone x3, Queen  
  147  8:52  Hydralisk x3  
  158  9:01  Hydralisk x2, Zergling x4  
  158  9:02  Zergling x4  
  166  9:03  Overlord  
  166  9:12  Overlord  
  166  9:13  Overlord  
  166  9:23  Roach x6  
  176  9:26  Overlord  
  174  9:31  Lurker  
  174  9:32  Lurker x4  
  174  9:34  Drone x3  
  182  9:39  Seismic Spines  
  182  9:47  Zergling x16  
  182  9:49  Hatchery  
  189  9:55  Lurker x2  
  189  9:56  Hydralisk  
  189  9:57  Zergling x4  
  189  9:58  Hatchery  
  194  10:06  Drone x3  
  197  10:08  Nydus Network  
  197  10:12  Hydralisk x3  
  197  10:13  Zergling x4  
  189  10:17  Hydralisk  
  189  10:18  Zergling x14  
  189  10:20  Hydralisk  
  172  10:23  Lurker  
  172  10:24  Hydralisk  
  173  10:29  Hydralisk  
  173  10:30  Zergling x6  
  173  10:31  Hydralisk x3  
  173  10:35  Roach x3  
  176  10:44  Hydralisk x4  
  176  10:45  Zergling x6  
  176  10:47  Hydralisk  
  164  10:50  Hydralisk  
  164  10:54  Roach  
  164  10:56  Roach  
  164  10:57  Roach  
  149  11:00  Roach  
  142  11:06  Roach x3  
  136  11:12  Roach  
  136  11:13  Hydralisk  
  136  11:16  Hydralisk  
  120  11:18  Hydralisk  
  120  11:19  Hydralisk  
  120  11:21  Hydralisk  
  120  11:25  Queen x2, Hydralisk  
  104  11:26  Lurker  
  104  11:28  Hydralisk x2  
  104  11:31  Hydralisk  
  104  11:32  Zergling x6  
  112  11:33  Hydralisk  
  112  11:36  Hydralisk  
  112  11:39  Hydralisk  
  111  11:41  Lurker  
  111  11:44  Hydralisk  
  111  11:46  Hydralisk  
  108  11:54  Lurker  
Tags
 
Add a new tag
Caveats
  • Supply blocks, unpowered buildings, or Contaminate may cause inaccurate times.
  • Supply counts are checked every 10 seconds.